 Dungeon Crawl Stone Soup version 0.26-b1-32-g5d43845318 (webtiles) character file.

Game seed: 1697181842238349234

401 Borgoz the Skirmisher (level 6, -9/52 HPs)
             Began as a Ghoul Gladiator on Jan 13, 2021.
             Mangled by an orc warrior
             ... wielding a +0 halberd
              (20 damage)
             ... on level 7 of the Dungeon.
             The game lasted 00:04:04 (3105 turns).

Borgoz the Skirmisher (Ghoul Gladiator)             Turns: 3105, Time: 00:04:04

Health: -9/52      AC: 10    Str: 18    XL:     6   Next: 85%
Magic:  5/5        EV: 13    Int:  3    God:
Gold:   209        SH:  0    Dex: 12    Spells: 5/5 levels left

rFire    + . .     SeeInvis .   a - +1 dire flail
rCold    + . .     Faith    .   (shield currently unavailable)
rNeg     + + +     Spirit   .   p - +0 leather armour {rF+}
rPois    ∞         Reflect  .   c - +0 helmet
rElec    .         Harm     .   u - +1 cloak
rCorr    .         Rampage  .   (no gloves)
Will     .....                  (no boots)
Stlth    +.........             (no amulet)
HPRegen  0.00/turn              g - +4 ring of protection
MPRegen  0.09/turn              (no ring)

@: no status effects
A: claws 1, cold resistance 1, negative energy resistance 3, inhibited
regeneration, torment resistance, unbreathing
a: no special abilities


You were on level 7 of the Dungeon.
You visited 1 branch of the dungeon, and saw 5 of its levels.

You collected 209 gold pieces.

Inventory:

Hand Weapons
 a - a +1 dire flail (weapon)
 b - the +8 war axe of Termination {vorpal, Will+ Str+3 Int-4}
   (You found it on level 4 of the Dungeon)

   It inflicts extra damage upon your enemies.
   It affects your strength (+3).
   It affects your intelligence (-4).
   It affects your willpower, your defense against some magical effects.
Armour
 c - a +0 helmet (worn)
 p - a +0 leather armour of fire resistance (worn)
 t - a +0 scale mail
 u - a +1 cloak (worn)
Jewellery
 g - a +4 ring of protection (left claw)
Wands
 m - a wand of digging (1)
Scrolls
 e - 2 scrolls of teleportation
 f - a scroll of enchant weapon
 k - 2 scrolls of remove curse
 n - a scroll of identify
 s - a scroll of blinking {unknown}
Potions
 i - a potion of cancellation
 j - 2 potions of lignification {unknown}
 l - a potion of curing
 q - a potion of might {unknown}
 r - a potion of brilliance {unknown}


   Skills:
 * Level 4.2 Fighting
 * Level 4.1 Maces & Flails
 - Level 1.7 Throwing
 * Level 2.7 Armour
 * Level 4.1 Dodging


You had 5 spell levels left.
You didn't know any spells.
Your spell library was empty.

Dungeon Overview and Level Annotations

Branches:
Dungeon (4/15)
 Temple: D:4-7

Altars:
Elyvilon
Trog


Innate Abilities, Weirdness & Mutations

You thrive by killing the living.
You are immune to poison.
You have sharp fingernails.
Your flesh is cold resistant. (rC+)
You are immune to negative energy. (rN+++)
You do not regenerate when monsters are visible.
You are immune to unholy pain and torment.
You can survive without breathing.


Message History

You hit the orc warrior.
The orc warrior is severely wounded.
The adder bites you but does no damage. The orc wizard closely misses you.
The orc warrior struggles against the net.
The orc barely misses you. The adder barely misses you.
You catch the helpless orc warrior completely off-guard!
You hit the orc warrior but do no damage.
The orc warrior is severely wounded.
The orc wizard hits you but does no damage.
The orc warrior struggles against the net.
The net rips apart, and the orc warrior comes free!
The adder barely misses you. The orc hits you but does no damage.
The orc wizard misses you.
You barely miss the orc warrior.
The orc warrior is severely wounded.
The orc wizard hits you with a +0 dagger.
* * * LOW HITPOINT WARNING * * *
The adder misses you.
The orc warrior hits you with a +0 halberd!!
You die...

#.........#
#.........#
#.........#
##.........#
...........#
..........(#
.......).o.#
#....S@o.#
#....o...#
###......#
+..##### #..
..." #....
...... #...


You could see an orc warrior, an orc wizard (fast), an adder and an orc.

Vanquished Creatures
  Grinder (D:3)
  Crazy Yiuf (D:3)
  An orc priest (D:7)
  Jessica (D:3)
  A worker ant (D:4)
  An adder (D:3)
  An ufetubus (D:7)
  A worm (D:2)
  A dart slug (D:1)
  4 leopard geckos
  An orc (D:7)
  4 giant cockroaches
  13 goblins
  11 hobgoblins
  7 kobolds
  4 quokkas
  4 bats (D:1)
  4 frilled lizards
  9 rats
70 creatures vanquished.

Notes
Turn   | Place    | Note
-------+----------+-------------------------------------------
     0 | D:1      | Borgoz the Ghoul Gladiator began the quest for the Orb.
     0 | D:1      | Reached XP level 1. HP: 17/17 MP: 0/0
   125 | D:1      | Reached XP level 2. HP: 25/25 MP: 1/1
   605 | D:1      | Reached XP level 3. HP: 30/30 MP: 2/2
   618 | D:1      | Reached skill level 1 in Armour
  1244 | D:2      | Found a white marble altar of Elyvilon.
  1344 | D:2      | Reached XP level 4. HP: 31/37 MP: 3/3
  1541 | D:2      | Found a bloodstained altar of Trog.
  2122 | D:3      | Found a runed translucent door.
  2123 | D:3      | Noticed Crazy Yiuf
  2154 | D:3      | Noticed Grinder
  2180 | D:3      | Paralysed by Grinder for 4 turns
  2185 | D:3      | Killed Grinder
  2186 | D:3      | Reached XP level 5. HP: 23/46 MP: 4/4
  2186 | D:3      | Reached XP level 6. HP: 26/52 MP: 5/5
  2455 | D:3      | Noticed Jessica
  2462 | D:3      | Killed Jessica
  2787 | D:3      | Killed Crazy Yiuf
  2907 | D:4      | Got a shimmering war axe
  2908 | D:4      | Lost intelligence.
  2908 | D:4      | Identified the +8 war axe of Termination {vorpal, Will+
                  | Str+3 Int-4} (You found it on level 4 of the Dungeon)
  3070 | D:4      | You fall into a shaft and drop 3 floors!
  3070 | D:7      | Noticed an orc warrior
  3105 | D:7      | Mangled by an orc warrior

Illustrated notes

Levels and vault maps discovered:
D:1:      amcnicky_arrival_single_pillar, layout_basic, minivault_4
D:2:      layout_rooms, general_overflow_altar, elyvilon_altar_5
D:3:      layout_basic, minmay_unequal, uniq_crazy_yiuf_cottage, uniq_grinder,
          uniq_jessica
D:4:      layout_basic
D:7:      layout_basic, nicolae_ru_the_path_less_chosen,
          minmay_temple_entry_offerings, nicolae_ossuary_entry_plus,
          nrook_campfire, minmay_shop_grid_forest, grunt_decor_cap,
          nicolae_lava_and_water, chequers_serial_rivers_micro_b, zaba_anthole,
          minmay_ruined_shrine, uniq_maggie

Skill      XL: |  1  2  3  4  5  6 |
---------------+-------------------+-----
Maces & Flails | 3 4 |  4.1
Dodging        | 3 4 |  4.1
Armour         | 1 2 |  2.7
Fighting       | 3 4 |  4.2
Throwing       | |  1.7

Action                   |  1- 3 |  4- 6 || total
-------------------------+-------+-------++-------
Melee: Flail             |   136 |    29 ||   165
       Dire flail        |       |    91 ||    91
Throw: Throwing net      |       |     4 ||     4
  Use: Scroll            |     3 |     7 ||    10
       Potion            |       |     5 ||     5
 Stab: Held in net/web   |       |     3 ||     3
Armor: Leather armour    |    44 |    81 ||   125
Dodge: Dodged            |   107 |   160 ||   267
